 Dungeon Crawl Stone Soup version 0.31-a0-263-ge8cad7f256 (webtiles) character file.

Game seed: 11808793381645251504

142 qw the Shooter (level 5, 0/30 HPs)
             Began as a Gargoyle Hexslinger on July 13, 2023.
             Slain by a gnoll
             ... wielding a +0 spear
              (2 damage)
             ... on level 3 of the Dungeon.
             The game lasted 00:00:46 (1020 turns).

qw the Shooter (Gargoyle Hexslinger)                Turns: 1020, Time: 00:00:46

Health: 0/30       AC: 11    Str: 12    XL:     5   Next: 24%
Magic:  5/5        EV: 10    Int: 13    God:
Gold:   109        SH:  0    Dex: 14    Spells: 5/6 levels left

rFire   . . .        Y - +1 sling (flame)
rCold   . . .        (no shield)
rNeg    + . .        e - +0 ring mail
rPois   inf          (no helmet)
rElec   +            (no cloak)
rCorr   .            (no gloves)
SInv    .            (no boots)
Will    .....        (no amulet)
Stlth   +            (no ring)
HPRegen 0.25/turn    (no ring)
MPRegen 0.09/turn

%: no passive effects
@: no status effects
A: sickness immunity, AC +4, negative energy resistance 1, electricity
resistance, torment resistance 1, petrification resistance, iridescent scales 1,
low MP 1
a: no special abilities


You were on level 3 of the Dungeon.
You visited 1 branch of the dungeon, and saw 3 of its levels.

You collected 109 gold pieces.


Innate Abilities, Weirdness & Mutations

You are immune to sickness and miasma.
Your stone body is resilient. (AC +4)
You are immune to poison.
You resist negative energy. (rN+)
You are resistant to electric shocks. (rElec)
You are resistant to unholy torment.
You are immune to petrification.
You are partially covered in iridescent scales. (AC +2)
Your magical capacity is low. (-10% MP)


   Skills:
 - Level 2.1 Fighting
 + Level 4.7 Ranged Weapons
 - Level 1.2 Armour
 - Level 1.5 Dodging
 - Level 1.0 Spellcasting
 - Level 2.6 Hexes


You had 5 spell levels left.
You knew the following spells:

 Your Spells              Type           Power      Damage    Failure   Level
a - Slow                  Hex            28%        N/A       22%         1

Your spell library contained the following spells:

 Spells                   Type           Power      Damage    Failure   Level
 Inner Flame              Hex/Fire       4%         N/A       73%         3
 Portal Projectile        Hex/Tloc       8%         N/A       73%         3
 Cause Fear               Hex            3%         N/A       91%         4

Inventory:

Hand Weapons
 Y - a +1 sling of flaming (weapon)
Armour
 e - a +0 ring mail (worn)
Scrolls
 h - a scroll of identify
Potions
 d - a potion of curing
 f - a potion of mutation
 i - a potion of haste
 j - a potion of enlightenment {unknown}

Dungeon Overview and Level Annotations

Branches:
Dungeon (3/15)

Altars:


Message History

The gnoll closely misses you. The gnoll hits you but does no damage.
The gnoll hits you with a +0 club.
You shoot a sling bullet.
The sling bullet closely misses the gnoll.
The sling bullet hits the gnoll but does no damage.
The gnoll is moderately wounded.
The gnoll hits you but does no damage. The gnoll hits you with a +0 club.
The gnoll closely misses you.
You shoot a sling bullet. The sling bullet hits the gnoll.
The sling bullet burns the gnoll.
You kill the gnoll!
The gnoll hits you from afar with a +0 spear.
The gnoll hits you from afar with a +0 spear!
The gnoll hits you from afar with a +0 spear.
The gnoll closely misses you.
You shoot a sling bullet.
The sling bullet completely misses the gnoll.
The gnoll hits you but does no damage.
The gnoll throws a throwing net.
The throwing net closely misses you.
You shoot a sling bullet. The sling bullet hits the gnoll.
The sling bullet burns the gnoll.
The gnoll is heavily wounded.
The gnoll hits you from afar with a +0 spear.
The gnoll barely misses you.
You shoot a sling bullet. The sling bullet hits the gnoll!
The sling bullet burns the gnoll.
You kill the gnoll!
The gnoll barely misses you. The gnoll hits you but does no damage.
You shoot a sling bullet. The sling bullet hits the gnoll.
The sling bullet burns the gnoll.
The gnoll is severely wounded.
The gnoll hits you but does no damage.
You shoot a sling bullet.
The sling bullet closely misses the kobold.
The gnoll hits you but does no damage. The kobold hits you but does no damage.
You shoot a sling bullet. The sling bullet hits the kobold.
The sling bullet burns the kobold.
The kobold is severely wounded.
The gnoll hits you from afar with a +0 spear.
You die...

.. #### ... .....
....
.....g#######....
.....)K@....(....
......##.........
####. #........#
# #.<......#
#####+####


You could see a gnoll and a kobold.

Vanquished Creatures
  3 gnolls (D:3)
  4 adders
  3 dart slugs
  An orc (D:3)
  6 ball pythons
  5 endoplasms
  4 giant cockroaches
  8 goblins
  7 hobgoblins
  6 jackals
  3 quokkas
  5 bats (D:1)
  2 frilled lizards (D:1)
  3 kobolds (D:1)
  6 rats
66 creatures vanquished.

Notes
Turn   | Place    | Note
-------+----------+-------------------------------------------
     0 | D:1      | qw the Gargoyle Hexslinger began the quest for the Orb.
     0 | D:1      | Reached XP level 1. HP: 12/12 MP: 2/2
     0 | D:1      | 0 ||| qw: Version: 0.3-a-52-g30416fa
     0 | D:1      | 0 ||| qw: Game counter: 7406
     0 | D:1      | 0 ||| qw: Melee chars always use a shield: true
     0 | D:1      | 0 ||| qw: God list: Okawaru
     0 | D:1      | 0 ||| qw: Allow faded altars: false
     0 | D:1      | 0 ||| qw: Do Orc after clearing Dungeon:15 true
     0 | D:1      | 0 ||| qw: Do second Lair branch before Depths: true
     0 | D:1      | 0 ||| qw: Lair rune preference: random
     0 | D:1      | 0 ||| qw: Goals: Normal
     0 | D:1      | 0 ||| PLANNING D:1-11
    62 | D:1      | Reached XP level 2. HP: 16/16 MP: 3/3
   104 | D:1      | Reached skill level 3 in Ranged Weapons
   176 | D:1      | Reached XP level 3. HP: 16/21 MP: 4/4
   480 | D:1      | 480 ||| UPGRADING to +0 ring mail.
   490 | D:1      | 490 ||| DROPPING +0 robe.
   491 | D:1      | 491 ||| READING scroll labelled YMATEE SUF ZIH.
   492 | D:1      | 492 ||| READING 2 scrolls labelled NOMOXZ FUJIFUDGHE.
   493 | D:1      | 493 ||| DRINKING 2 fuming clear potions.
   493 | D:1      | Gained mutation: Your magical capacity is low. (-10% MP)
                  | [potion of mutation]
   493 | D:1      | Gained mutation: You are partially covered in iridescent
                  | scales. (AC +2) [potion of mutation]
   494 | D:1      | 494 ||| DROPPING scroll of poison.
   548 | D:2      | Reached XP level 4. HP: 9/26 MP: 4/4
   705 | D:2      | Reached skill level 4 in Ranged Weapons
   768 | D:2      | Reached skill level 1 in Armour
   975 | D:2      | 975 ||| READING scroll labelled OGYZEIMMEO.
   976 | D:2      | 976 ||| READING scroll labelled CIH WUDGHENUH.
   977 | D:2      | 977 ||| READING scroll labelled BERPHA ZETIO.
   978 | D:2      | 978 ||| READING 3 scrolls of identify.
   978 | D:2      | 978 ||| IDENTIFYING pink potion
   979 | D:2      | 979 ||| READING 2 scrolls of identify.
   979 | D:2      | 979 ||| IDENTIFYING red potion
  1010 | D:3      | Reached XP level 5. HP: 28/30 MP: 5/5
  1014 | D:3      | HP: 2/30 [gnoll/+0 spear (8)]
  1020 | D:3      | Slain by a gnoll

Levels and vault maps discovered:
D:1:      onia_arrival_handbag, layout_rooms
D:2:      layout_rooms
D:3:      layout_basic, lemuel_crystal_altar, chei_slow_surprise

Skill      XL: |  1  2  3  4 |
---------------+-------------+-----
Ranged Weapons | 3 4 |  4.7
Fighting       | 2 |  2.1
Armour         | 1 |  1.2
Dodging        | |  1.5
Spellcasting   | |  1.0
Hexes          | |  2.6

Action                     |  1- 3 |  4- 6 || total
---------------------------+-------+-------++-------
   Fire: Sling             |   130 |    79 ||   209
    Use: Scroll            |     2 |     5 ||     7
         Potion            |     1 |       ||     1
 Armour: Robe              |    25 |       ||    25
         Ring mail         |    20 |    45 ||    65
  Dodge: Dodged            |    70 |    38 ||   108

Table legend:
 A = Non-vault XP
 B = Vault XP
 C = Vault XP percentage of total XP
 D = Non-vault monster count
 E = Vault monster count
 F = Vault count percentage of total count
                 A         B        C        D         E       F
            +---------+---------+-------+---------+---------+-------
      Total |     198 |       5 |   2.5 |      62 |       4 |   6.1
            +---------+---------+-------+---------+---------+-------
        D:1 |      69 |       5 |   6.8 |      39 |       4 |   9.3
        D:2 |      70 |       0 |   0.0 |      18 |       0 |   0.0
        D:3 |      59 |       0 |   0.0 |       5 |       0 |   0.0
            +---------+---------+-------+---------+---------+-------
